 Dungeon Crawl Stone Soup version 0.21-a0-442-g848f44b (webtiles) character file.

623 theanonym the Cudgeler (level 7, -5/54 HPs)
             Began as a Formicid Fighter on Nov 14, 2017.
             Killed by divine providence
             ... invoked by an orc priest
              (14 damage)
             ... on level 4 of the Dungeon.
             The game lasted 00:06:28 (3351 turns).

theanonym the Cudgeler (Formicid Fighter)           Turns: 3351, Time: 00:06:29

Health: -5/54      AC:  9    Str: 23    XL:     7   Next: 75%
Magic:  7/7        EV:  6    Int:  7    God:
Gold:   155        SH: 10    Dex: 10    Spells: 6/6 levels left

rFire    . . .     SeeInvis +   a - +0 flail
rCold    . . .     Gourm    .   c - +0 shield
rNeg     . . .     Faith    .   y - +0 chain mail
rPois    .         Spirit   .   (helmet unavailable)
rElec    .         Reflect  .   (no cloak)
rCorr    .         Harm     .   (no gloves)
MR       .....                  (no boots)
Stlth    ..........             (no amulet)
HPRegen  0.18/turn              (no ring)
MPRegen  0.10/turn              (no ring)

@: no status effects
A: permanent stasis, dig shafts and tunnels, four strong arms, antennae 3
a: Dig, Shaft Self


Innate Abilities, Weirdness & Mutations

You cannot be hasted, slowed, berserked, paralysed or teleported.
You can dig through walls and to a lower floor.
Your four strong arms can wield two-handed weapons with a shield.
You have a pair of large antennae on your head. (SInv)


   Skills:
 - Level 4.2 Fighting
 + Level 6.8 Maces & Flails
 - Level 4.2 Armour
 - Level 4.6 Shields


You had 6 spell levels left.
You didn't know any spells.

Skill      XL: |  1  2  3  4  5  6  7 |
---------------+----------------------+-----
Shields        | 4 |  4.6
Fighting       | 4 |  4.2
Maces & Flails | 3 5 6 |  6.8
Armour         | 4 |  4.2

Action                   |  1- 3 |  4- 6 |  7- 9 || total
-------------------------+-------+-------+-------++-------
Melee: Flail             |   140 |   224 |    71 ||   435
Throw: Tomahawk          |       |     4 |     3 ||     7
  Use: Potion            |     1 |     1 |     5 ||     7
       Scroll            |       |     1 |       ||     1
  Eat: Chunk             |       |     4 |       ||     4
       Bread ration      |       |     1 |       ||     1
Armor: Scale mail        |    56 |    20 |       ||    76
       Chain mail        |       |    65 |    52 ||   117
Dodge: Dodged            |    63 |    57 |    30 ||   150
Block: Shield            |    70 |   121 |    56 ||   247

Inventory:

Hand Weapons
 a - a +0 flail (weapon)
Missiles
 m - 42 bolts
 u - 2 silver tomahawks (quivered)
Armour
 b - a +0 scale mail
 c - a +0 shield (worn)
 y - a +0 chain mail (worn)
   (You found it on level 3 of the Dungeon)
Jewellery
 d - an uncursed ring of stealth {unknown}
   (You found it on level 2 of the Dungeon)
Scrolls
 e - a scroll of immolation {unknown}
 g - a scroll of amnesia {unknown}
 h - a scroll of recharging {unknown}
 l - 2 scrolls of remove curse {unknown}
 n - 3 scrolls of fear {!r}
 o - 2 scrolls of noise {unknown}
 r - a scroll of enchant weapon {unknown}
 s - a scroll of enchant armour {unknown}
 v - 2 scrolls of magic mapping {unknown}
 x - 4 scrolls of identify {unknown}
Potions
 j - 3 potions of curing
 k - a potion of brilliance
 p - a potion of lignification {unknown}
 q - 4 potions of heal wounds
 t - a potion of magic {unknown}
 w - a potion of degeneration {unknown}
 B - a potion of agility
 C - a potion of berserk rage {unknown}
 F - a potion of ambrosia {unknown}
Books
 E - a book of Necromancy
   (You found it on level 4 of the Dungeon)

   Spells                             Type                      Level
   a - Pain                           Necromancy                   1
   b - Animate Skeleton               Necromancy                   1
   c - Vampiric Draining              Necromancy                   3
   d - Regeneration                   Charms/Necromancy            3
   e - Animate Dead                   Necromancy                   4
   f - Control Undead                 Necromancy                   4
Comestibles
 f - 3 bread rations
 i - 3 royal jellies
 z - 3 fruits
 A - a meat ration
 D - 2 chunks of flesh

Dungeon Overview and Level Annotations

Branches:
Dungeon (4/15)             Temple (1/1) D:4

Altars:
Elyvilon
Fedhas
Gozag
Hepliaklqana
Kikubaaqudgha
Makhleb
Nemelex Xobeh
Okawaru
Qazlal
Ru
Sif Muna
Trog
Vehumet
Xom
Yredelemnul
Zin
The Shining One

Shops:
D:4 }


You were on level 4 of the Dungeon.
You were not hungry.

You visited 2 branches of the dungeon, and saw 5 of its levels.

You collected 155 gold pieces.


Message History

You start resting.
The orc wizard shouts!
The orc priest shouts!
You block the orc wizard's attack.
The orc priest invokes the aid of Beogh against you.
Beogh smites you!
You see here 5 needles of sleeping.
You take 9 damage, and have 41/54 hp.
You hit the orc wizard.
The orc wizard points at you and mumbles some strange words.
You are confused.
You feel better.
The orc wizard points at you and mumbles some strange words.
You easily resist.
The orc priest calls down the wrath of Beogh upon you.
Beogh smites you!
You take 3 damage, and have 38/54 hp.
You closely miss the orc priest.
The orc priest mumbles some strange prayers to Beogh against you.
Pain shoots through your body!
The orc wizard casts a spell.
The orc wizard flickers and vanishes for a moment.
You take 10 damage, and have 28/54 hp.
You closely miss the orc priest.
The orc priest hits you but does no damage.
The orc wizard hits you but does no damage.
Your shield and chain mail prevent you from hitting the orc priest.
The orc wizard points at you and mumbles some strange words.
The magic dart hits you!
* * * LOW HITPOINT WARNING * * *
The orc priest calls down the wrath of Beogh upon you.
Pain shoots through your body!
* * * LOW HITPOINT WARNING * * *
You take 11 damage, and have 17/54 hp.
MASSIVE DAMAGE!!
There is a stone staircase leading up here.
The orc wizard barely misses you.
The orc priest calls down the wrath of Beogh upon you.
Beogh smites you!
* * * LOW HITPOINT WARNING * * *
You climb upwards.
There is a stone staircase leading down here.
You take 13 damage, and have 4/54 hp.
MASSIVE DAMAGE!!
You feel much better.
The orc wizard hits you but does no damage.
You regained 23 hp, and now have 27/54 hp.
Your chain mail prevents you from hitting the orc wizard.
The orc wizard barely misses you.
You hit the orc wizard. You block the orc wizard's attack.
The orc wizard hits you but does no damage.
You hit the orc wizard but do no damage.
The orc wizard points at you and mumbles some strange words.
You easily resist.
You thump the orc wizard!
The orc wizard hits you but does no damage.
You hit the orc wizard.
You kill the orc wizard!
Items here: )) [ † a dagger; a robe; a club; an orc corpse
Items here: )) [ † a dagger; a robe; a club; an orc corpse You butcher the orc corpse.
D - 5 chunks of flesh (gained 2)
Items here: )) [ ÷ a dagger; a robe; a club; an orc skeleton You start resting.
Health restored: 54
There is a stone staircase leading down here.
You climb downwards.
There is a stone staircase leading up here.
You see here 5 needles of sleeping.
The orc priest begins to cast a cantrip, but forgets the words!
The orc priest hits you but does no damage.
You are electrocuted!
You hit the orc priest but do no damage.
The orc priest hits you but does no damage.
You are electrocuted!
* * * LOW HITPOINT WARNING * * *
Some of the chunks of flesh in your inventory have rotted away.
You are too injured to fight recklessly!
You take 27 damage, and have 27/54 hp.
MASSIVE DAMAGE!!
You are too injured to fight recklessly!
You are too injured to fight recklessly!
You are too injured to fight recklessly!
You are too injured to fight recklessly!
You are too injured to fight recklessly!
You hit the orc priest but do no damage.
The orc priest hits you but does no damage.
You sock the orc priest!
The orc priest hits you but does no damage.
You are electrocuted!
* * * LOW HITPOINT WARNING * * *
You take 16 damage, and have 11/54 hp.
MASSIVE DAMAGE!!
You hit the orc priest.
The orc priest hits you with a whip of electrocution.
* * * LOW HITPOINT WARNING * * *
You take 2 damage, and have 9/54 hp.
You hit the orc priest.
The orc priest calls down the wrath of Beogh upon you.
Beogh smites you!
You die...

#. #..###..###
. #.
##o.##...# #.
###.........
#..
##......##....
#..###...##..#
#### #...)###
..# ###.## ..#
#o.## .##
#@..## #....#
#(#.....#
##.##..#..#
#.<# .## #.
##.# ## #.##
###


You could see an orc priest.

Notes
Turn   | Place    | Note
-------+----------+-------------------------------------------
     0 | D:1      | theanonym the Formicid Fighter began the quest for the Orb.
     0 | D:1      | Reached XP level 1. HP: 18/18 MP: 1/1
   135 | D:1      | Reached XP level 2. HP: 24/24 MP: 2/2
   361 | D:1      | Reached XP level 3. HP: 27/29 MP: 3/3
   428 | D:1      | Reached skill level 4 in Shields
   765 | D:2      | Noticed an ice beast
   774 | D:2      | HP: 13/30 [ice beast (5)]
   776 | D:2      | Killed an ice beast
   776 | D:2      | Reached skill level 4 in Fighting
   776 | D:2      | Reached skill level 3 in Maces & Flails
   776 | D:2      | Reached skill level 4 in Armour
   776 | D:2      | Reached XP level 4. HP: 17/37 MP: 4/4
   776 | D:2      | Reached XP level 5. HP: 19/42 MP: 5/5
  1375 | D:3      | Reached XP level 6. HP: 30/48 MP: 6/6
  1383 | D:3      | HP: 24/48 [poisoned by an adder]
  1388 | D:3      | HP: 23/48 [poisoned by an adder]
  1395 | D:3      | HP: 22/48 [poisoned by an adder]
  1403 | D:3      | HP: 21/48 [poisoned by an adder]
  1730 | D:3      | Reached skill level 4 in Maces & Flails
  2186 | D:4      | HP: 15/48 [orc priest/divine providence (12)]
  2188 | D:4      | Noticed Robin
  2241 | D:3      | Reached skill level 5 in Maces & Flails
  2371 | D:4      | Killed Robin
  2621 | D:4      | Reached XP level 7. HP: 45/54 MP: 7/7
  2676 | D:4      | Noticed Purgy
  2714 | D:4      | Killed Purgy
  2714 | D:4      | Reached skill level 6 in Maces & Flails
  2716 | D:4      | Found a staircase to the Ecumenical Temple.
  2729 | Temple   | Entered the Ecumenical Temple
  2931 | D:4      | Found Vusoemad's Gadget Boutique.
  3056 | D:4      | Found a deep blue altar of Sif Muna.
  3124 | D:4      | Noticed Natasha
  3148 | D:3      | Killed Natasha
  3185 | D:4      | HP: 26/54 [orc wizard/magic dart (3)]
  3188 | D:4      | HP: 4/54 [orc priest/divine providence (13)]
  3347 | D:4      | HP: 27/54 [orc priest/whip of electrocution (11)]
  3349 | D:4      | HP: 11/54 [orc priest/whip of electrocution (17)]
  3351 | D:4      | Killed from afar by an orc priest

Vanquished Creatures
  Purgy (D:4)
  An ice beast (D:2)
  A phantom (D:4)
  A scorpion (D:4)
  A howler monkey (D:4)
  An orc priest (D:4)
  Natasha (D:3)
  An orc wizard (D:3)
  Robin (D:4)
  A howler monkey skeleton (D:4)
  5 adders
  2 oozes (D:1)
  An adder skeleton (D:4)
  4 worms
  3 leopard geckos
  3 orcs (D:4)
  6 giant cockroaches
  14 goblins
  10 hobgoblins
  2 quokkas
  A ball python (D:3)
  5 bats
  7 frilled lizards
  9 kobolds
  10 rats
92 creatures vanquished.
